 Dungeon Crawl Stone Soup version 0.28-a0-479-g5baa6b73be (webtiles) character file.

Game seed: 17808872768160531624

5 spiderkeys the Skirmisher (level 1, -30/16 HPs)
             Began as an Octopode Abyssal Knight on Sept 18, 2021.
             Was a Follower of Lugonu.
             Annihilated by a large abomination (36 damage)
             ... on level 1 of the Abyss.
             The game lasted 00:00:18 (202 turns).

spiderkeys the Skirmisher (Octopode Abyssal Knight)  Turns: 202, Time: 00:00:18

Health: -30/16     AC:  1    Str: 11    XL:     1   Next: 80%
Magic:  2/2        EV: 13    Int: 14    God:    Lugonu [*.....]
Gold:   35         SH:  0    Dex: 11    Spells: 0/0 levels left

rFire   . . .      SeeInvis .     - Unarmed
rCold   . . .      Faith    .   (no shield)
rNeg    . . .      Spirit   .   (helmet restricted)
rPois   .          Reflect  .   (no amulet)
rElec   .          Harm     .   (no ring)
rCorr   .          Rampage  .   (no ring)
Will    .....                   (no ring)
Stlth   ++........              (no ring)
HPRegen 0.05/turn               (no ring)
MPRegen 0.08/turn               (no ring)
                                (no ring)
                                (no ring)

@: no status effects
A: almost no armour, amphibious, 8 rings, camouflage 1, gelatinous body 1,
(nimble swimmer 1), tentacles
a: Renounce Religion, Depart the Abyss


You were on level 1 of the Abyss.
You worshipped Lugonu.
Lugonu was aware of your devotion.
You visited 0 branches of the dungeon, and saw 0 of its levels.
You visited the Abyss 1 time.

You collected 35 gold pieces.


Innate Abilities, Weirdness & Mutations

You cannot wear most types of armour.
You are amphibious.
You can wear up to eight rings at the same time.
Your skin changes colour to match your surroundings (Stealth+).
Your rubbery body absorbs attacks. (AC +1, EV +1)
((You are camouflaged near water. (Stealth+)))
You have tentacles for arms and can constrict up to eight enemies at once.


   Skills:
 + Level 3.1 Fighting
 + Level 2.4 Dodging
 + Level 2.1 Unarmed Combat
 + Level 2.1 Invocations


You couldn't memorise any spells.
You didn't know any spells.
Your spell library contained the following spells:

 Spells                   Type           Power      Damage    Failure   Level
 Stone Arrow              Conj/Erth      0%         3d7       65%         3
 Lehudib's Crystal Spear  Conj/Erth      0%         10d2      100%        8
 Animate Armour           Summ/Erth      Unusable   N/A       N/A         4

Inventory:

Missiles
 a - 23 poisoned darts
 b - 45 stones

Dungeon Overview and Level Annotations

Branches:
Dungeon (0/15)

Altars:

โ‰ˆ# # .
# ...# .#
## . #..
. . # .#
. # . #.
## ##.##
### # #.
# #..##@#
# #. ...
.#X## # .
.
#.##ยง.##
. . ...#
.###.# .
. ...
##.## #
#..###
..# # #.
####.#.#
# . . #.
...X## ..
### .
##.#


You could see a large abomination.


Message History

๐Ÿค– Initializing magus.rc ...
Options error: Delay interrupt name "hungry" not recognised. (~/.crawlrc:4988) โœ… Successfully initialized magus.rc [v1.9.10] Welcome, spiderkeys the Octopode Abyssal Knight.
Will you prevail where others failed? Will you find the Orb of Zot?
Lugonu says: Depart the Abyss and spread corruption, my servant! (use the ability menu to exit the Abyss) Press ? for a list of commands and other information.
Found a corrupted altar of Lugonu.
There is a corrupted altar of Lugonu here.
You now have 12 gold pieces.
You now have 28 gold pieces (gained 16).
a - a scroll labelled FIGUATO AQOS You pick up a book of Armaments and begin reading...
You add the spells Stone Arrow and Lehudib's Crystal Spear to your library.
As you read the scroll labelled FIGUATO AQOS, it crumbles to dust.
You feel strangely unstable.
You feel the power of the Abyss delaying your translocation!
It was a scroll of teleportation.
You are suddenly pulled into a different region of the Abyss!
a - 23 poisoned darts You now have 35 gold pieces (gained 7).
b - 22 stones
b - 45 stones (gained 23)
A large abomination comes into view.
A large abomination is nearby!
An ufetubus comes into view.
The ufetubus shouts!
The ufetubus hits you.
The ufetubus closely misses you. ๐Ÿ˜• HP[-1]
You take 1 damage, and now have 15/16 hp.
The ufetubus hits you but does no damage. x2
The ufetubus barely misses you. x2
You tentacle-slap the ufetubus but do no damage.
You grab the ufetubus.
You constrict the ufetubus, but do no damage.
The ufetubus hits you. The ufetubus misses you. ๐Ÿ˜• HP[-2]
You take 2 damage, and now have 13/16 hp.
You tentacle-slap the ufetubus. You constrict the ufetubus.
The ufetubus hits you.
* * * LOW HITPOINT WARNING * * *
The ufetubus hits you.
* * * LOW HITPOINT WARNING * * *
๐Ÿ˜จ HP[-8]
You take 8 damage, and now have 5/16 hp.
MASSIVE DAMAGE!! (PAUSE)
You tentacle-slap the ufetubus. You squeeze the ufetubus.
You kill the ufetubus!
You start resting.
A large abomination is nearby! ๐Ÿ˜จ HP[+1]
The large abomination closely misses you.
The large abomination hits you!!!
Ouch! That really hurt!
You die...

Action                   || total
-------------------------++-------
Melee: Unarmed           ||     3
       Constrict         ||     1
       Tentacles         ||     1
  Use: Scroll            ||     1
Armor: Skin              ||     2
Dodge: Dodged            ||     5

Levels and vault maps discovered:
Abyss:1:  base: Temple, base:
Temple

Notes
Turn   | Place    | Note
-------+----------+-------------------------------------------
     0 | Abyss:1  | spiderkeys the Octopode Abyssal Knight began the quest for
                  | the Orb.
     0 | Abyss:1  | Reached XP level 1. HP: 16/16 MP: 2/2
     0 | Abyss:1  | magus.rc [v1.9.10]
    34 | Abyss:1  | You pick up a book of Armaments and begin reading...
    34 | Abyss:1  | You add the spells Stone Arrow and Lehudib's Crystal Spear
                  | to your library.
   179 | Abyss:1  | Noticed a large abomination
   202 | Abyss:1  | Annihilated by a large abomination

Vanquished Creatures
  An ufetubus (Abyss:1)
1 creature vanquished.

Table legend:
 A = Non-vault XP
 B = Vault XP
 C = Vault XP percentage of total XP
 D = Non-vault monster count
 E = Vault monster count
 F = Vault count percentage of total count
                 A         B        C        D         E       F
            +---------+---------+-------+---------+---------+-------
      Total |       8 |       0 |   0.0 |       1 |       0 |   0.0
            +---------+---------+-------+---------+---------+-------
    Abyss:1 |       8 |       0 |   0.0 |       1 |       0 |   0.0
            +---------+---------+-------+---------+---------+-------

Illustrated notes

Table legend:
 A = Kills in this place as a percentage of kills in entire the game.
 B = Kills by you in this place as a percentage of kills by you in the entire game.
 C = Kills by friends in this place as a percentage of kills by friends in the entire game.
 D = Other kills in this place as a percentage of other kills in the entire game.
 E = Experience gained in this place as a percentage of experience gained in the entire game.
 F = Experience gained in this place divided by the number of levels of this place that you have seen.
                   A       B       C       D       E      F
               +-------+-------+-------+-------+-------+----------------------
         Total | 100.0 | 100.0 |   N/A |   N/A | 100.0 |   8.0
         Abyss | 100.0 | 100.0 |   N/A |   N/A | 100.0 |   8.0
               +-------+-------+-------+-------+-------+----------------------

Table legend: (Time is in decaauts)
 A = Elapsed time spent in this place.
 B = Non-inter-level travel time spent in this place.
 C = Inter-level travel time spent in this place.
 D = Time resting spent in this place.
 E = Time spent auto-exploring this place.
 F = Levels seen in this place.
 G = Mean time per level.
                   A        B        C        D        E       F      G
               +--------+--------+--------+--------+--------+-----+--------+
         Total |    201 |    201 |      0 |      4 |    174 |   1 |  201.0 |
         Abyss |    201 |    201 |      0 |      4 |    174 |   1 |  201.0 |
               +--------+--------+--------+--------+--------+-----+--------+

Top non-repeatable levels by time:
 Abyss:1: 201 daAuts
